 Dungeon Crawl Stone Soup version 0.25-a0-690-g234afa57d4 (webtiles) character file.

Game seed: 11892424330311308144, levelgen mode: deterministic

1405 kae the Grappler (level 8, -6/53 HPs)
             Began as a Black Draconian Transmuter on Mar 30, 2020.
             Was an Initiate of Hepliaklqana.
             Killed from afar by an orc wizard (9 damage)
             ... with a magic dart
             ... on level 5 of the Dungeon.
             The game lasted 00:05:10 (6532 turns).

kae the Grappler (Black Draconian Transmuter)       Turns: 6532, Time: 00:05:10

Health: -6/53      AC:  8    Str: 13    XL:     8   Next: 42%
Magic:  15/15      EV: 12    Int: 16    God:    Hepliaklqana [......]
Gold:   226        SH:  0    Dex: 11    Spells: 6/17 levels left

rFire    . . .     SeeInvis .   e - +2 dagger (venom)
rCold    . . .     Gourm    .   (no shield)
rNeg     . . .     Faith    .   (armour unavailable)
rPois    .         Spirit   .   (helmet restricted)
rElec    +         Reflect  .   (no cloak)
rCorr    .         Harm     .   m - +1 pair of gloves
MR       .....                  (no boots)
Stlth    +.........             (no amulet)
HPRegen  0.17/turn              (no ring)
MPRegen  0.14/turn              (no ring)

@: no status effects
A: breathe lightning, unfitting armour, reduced essence, electricity resistance,
cold-blooded, AC +6
a: Breathe Lightning, Recall Ancestor, Ancestor Identity, Renounce Religion


You were on level 5 of the Dungeon.
You worshipped Hepliaklqana.
Hepliaklqana was noncommittal.
You were not hungry.

You visited 2 branches of the dungeon, and saw 6 of its levels.

You collected 226 gold pieces.

Inventory:

Hand Weapons
 e - a +2 dagger of venom (weapon)
Missiles
 a - 147 arrows
Armour
 m - a +1 pair of gloves (worn)
Scrolls
 b - a scroll of magic mapping
 d - 4 scrolls of identify
 f - a scroll of immolation
 h - 3 scrolls of teleportation
 i - 2 scrolls of blinking
 k - 4 scrolls of remove curse
 q - a scroll of noise {unknown}
 r - 2 scrolls of enchant weapon
Potions
 g - a potion of magic
 j - a potion of flight
 l - a potion of haste
 n - a potion of cancellation
 o - a potion of mutation
 p - 3 potions of might {unknown}
Comestibles
 c - 9 rations


   Skills:
 - Level 1.1 Fighting
 - Level 1.7 Dodging
 * Level 8.0 Unarmed Combat
 + Level 5.0 Spellcasting
 + Level 5.5 Transmutations


You had 6 spell levels left.
You knew the following spells:

 Your Spells              Type           Power        Failure   Level  Hunger
a - Beastly Appendage     Tmut           ###...       1%          1    None
b - Sticks to Snakes      Tmut           ###.....     2%          2    #......
c - Spider Form           Tmut/Pois      ##........   14%         3    ###....
d - Blade Hands           Tmut           ###.......   41%         5    ######.

Your spell library contained the following spells:

 Spells                   Type           Power        Failure   Level  Hunger
 Corona                   Hex            #......      16%         1    None
 Ensorcelled Hibernation  Hex/Ice        #.....       22%         2    #......
 Confusing Touch          Hex            #.......     41%         3    ###....
 Dazzling Flash           Conj/Hex       #.....       41%         3    ###....
 Tukima's Dance           Hex            #.......     41%         3    ###....
 Ice Form                 Ice/Tmut       ##......     43%         4    ####...


Dungeon Overview and Level Annotations

Branches:
Dungeon (5/15)             Temple (1/1) D:5

Altars:
Ashenzari
Cheibriados
Dithmenos
Elyvilon
Fedhas
Gozag
Hepliaklqana
Kikubaaqudgha
Makhleb
Nemelex Xobeh
Okawaru
Qazlal
Ru
Sif Muna
Trog
Vehumet
Wu Jian
Xom
Yredelemnul
Zin


Innate Abilities, Weirdness & Mutations

You can breathe wild blasts of lightning.
Your glossy black scales are hard. (AC +6)
You cannot fit into any form of body armour.
You are resistant to electric shocks. (rElec)
You are cold-blooded and may be slowed by cold attacks.
Your life essence is reduced to manifest your ancestor. (-10% HP)


Message History

Your +2 dagger of venom unmelds from your body.
Your +1 pair of gloves unmelds from your body.
Your +2 dagger of venom begins to drip with poison!
Something hits you but does no damage.
You miss something. Something hits you but does no damage.
You barely miss something. Something hits you but does no damage.
You hit something. Something hits you.
* * * LOW HITPOINT WARNING * * *
Okay, then.
You closely miss something. Something hits you but does no damage.
You hit something.
You hear some strange, mumbled words.
A magic dart appears from out of thin air!
The magic dart hits you!
* * * LOW HITPOINT WARNING * * *
You closely miss something.
You hear some strange, mumbled words.
A magic dart appears from out of thin air!
The magic dart hits you!
You die...

######## #...# #......#
#...# #......### #...#
#.....)... #...#
#......### #...#
###......... #...#
#..<######## #)).# #...#
#>@{####...####
#.............#####
##.#####...........
#..####.####...##.
##.#....# #.....†
#.#.#### #.#.##. #...#
##########.
########..###...>...#.#
##...[.......#.......#.#


There were no monsters in sight!

Vanquished Creatures
  A water moccasin (D:4)
  2 ice beasts (D:5)
  3 ogres
  A centaur (D:5)
  A scorpion (D:5)
  A crimson imp (D:2)
  A bullfrog zombie (D:5)
  4 hounds (D:4)
  5 orc priests
  5 orc wizards
  2 hound skeletons
  9 adders
  2 oozes
  3 worms
  3 dart slugs
  2 leopard geckos
  32 orcs
  5 giant cockroaches
  9 goblins
  7 hobgoblins
  3 jackals (D:1)
  3 quokkas
  3 ball pythons
  5 bats
  4 frilled lizards
  3 kobolds (D:1)
  A leopard gecko skeleton (D:4)
  10 rats
130 creatures vanquished.

Notes
Turn   | Place    | Note
-------+----------+-------------------------------------------
     0 | D:1      | kae the Draconian Transmuter began the quest for the Orb.
     0 | D:1      | Reached XP level 1. HP: 16/16 MP: 3/3
   223 | D:1      | Reached XP level 2. HP: 23/23 MP: 3/5
   761 | D:1      | Reached XP level 3. HP: 28/28 MP: 6/6
   806 | D:1      | Learned a level 2 spell: Sticks to Snakes
   810 | D:1      | Learned a level 3 spell: Spider Form
  1300 | D:2      | Found a sparkling altar of Nemelex Xobeh,
  1700 | D:2      | Found a faded altar of an unknown god,
  1733 | D:2      | Reached skill level 4 in Unarmed Combat
  1733 | D:2      | Reached XP level 4. HP: 35/35 MP: 7/7
  2458 | D:2      | Reached XP level 5. HP: 25/40 MP: 6/9
  2676 | D:2      | HP: 1/40 [orc/+0 hand axe (4)]
  3008 | D:2      | Reached skill level 5 in Unarmed Combat
  3422 | D:3      | Reached XP level 6. HP: 31/47 MP: 7/10
  3560 | D:3      | Found an opulent altar of Gozag,
  3562 | D:3      | Found an iron altar of Okawaru,
  3562 | D:3      | Found a shimmering altar of Xom,
  3569 | D:3      | Found a shimmering altar of Xom,
  3569 | D:3      | Found a bloodstained altar of Trog,
  3569 | D:3      | Found a white marble altar of Elyvilon,
  3947 | D:4      | Found a snail-covered altar of Cheibriados,
  4361 | D:4      | Reached skill level 6 in Unarmed Combat
  4361 | D:4      | Your scales start taking on a glossy black colour.
  4361 | D:4      | Reached XP level 7. HP: 36/52 MP: 8/12
  4361 | D:4      | Gained mutation: You are resistant to electric shocks.
                  | (rElec) [Black Draconian growth]
  5104 | D:4      | Learned a level 5 spell: Blade Hands
  5429 | D:5      | Entered Level 5 of the Dungeon
  5445 | D:5      | Reached skill level 7 in Unarmed Combat
  5821 | D:5      | Reached skill level 5 in Transmutations
  5821 | D:5      | Reached XP level 8. HP: 24/59 MP: 12/14
  6176 | D:5      | Reached skill level 5 in Spellcasting
  6227 | D:5      | Found a staircase to the Ecumenical Temple,
  6313 | Temple   | Entered the Ecumenical Temple
  6447 | Temple   | Became a worshipper of Hepliaklqana the Forgotten
  6520 | D:5      | Reached skill level 8 in Unarmed Combat
  6532 | D:5      | Killed from afar by an orc wizard

Levels and vault maps discovered:
D:1:      eino_arrival_water_cross, layout_loops_ring, minmay_pentomino_x2
D:2:      layout_loops_ring, lemuel_coloured_pillars_altar,
          chequers_ecumenical_altar_simple_redux
D:3:      layout_rooms, doesnt_xom_only_xom, first_ration
D:4:      layout_basic, nicolae_overflow_crystal_walls
D:5:      layout_rooms, temple_hall
Temple:   nicolae_temple_elliptical

Skill      XL: |  1  2  3  4  5  6  7  8 |
---------------+-------------------------+-----
Unarmed Combat | 4 5 6 7 8 |  8.0
Transmutations | 3 4 5 |  5.5
Spellcasting   | 3 4 5 |  5.0
Fighting       | |  1.1
Dodging        | |  1.7

Action                   |  1- 3 |  4- 6 |  7- 9 || total
-------------------------+-------+-------+-------++-------
Melee: Unarmed           |    41 |    74 |    86 ||   201
       Tailslap          |    14 |    12 |     5 ||    31
       Headbutt          |     9 |     9 |       ||    18
       Dagger            |    67 |    86 |    61 ||   214
       Kick              |     5 |     1 |       ||     6
       Punch             |       |     2 |     2 ||     4
 Cast: Beastly Appendage |    15 |    10 |       ||    25
       Spider Form       |       |    14 |    14 ||    28
  Use: Potion            |     1 |     4 |       ||     5
       Scroll            |       |     7 |     5 ||    12
 Stab: Distracted        |     1 |       |       ||     1
  Eat: Chunk             |     3 |    10 |     9 ||    22
Armor: Skin              |    47 |    30 |    25 ||   102
Dodge: Dodged            |    74 |   149 |   112 ||   335

Table legend:
 A = Non-vault XP
 B = Vault XP
 C = Vault XP percentage of total XP
 D = Non-vault monster count
 E = Vault monster count
 F = Vault count percentage of total count
                 A         B        C        D         E       F
            +---------+---------+-------+---------+---------+-------
      Total |    2006 |       2 |   0.1 |     128 |       2 |   1.5
            +---------+---------+-------+---------+---------+-------
        D:1 |      48 |       2 |   4.0 |      25 |       2 |   7.4
        D:2 |     255 |       0 |   0.0 |      32 |       0 |   0.0
        D:3 |     210 |       0 |   0.0 |      28 |       0 |   0.0
        D:4 |     611 |       0 |   0.0 |      23 |       0 |   0.0
        D:5 |     882 |       0 |   0.0 |      20 |       0 |   0.0
            +---------+---------+-------+---------+---------+-------
